Zazza, neutral female human Tourist # --------- ------------ --------------- ####-......<| |..........| |..............######|.......| |..........| |.............|### #........| |..........| ----------- |.............|# ----.---- |..........| |.........| |.............| # |...........#### |..........# -----------.-.- # ------------ # |.........|# # ### ##..........|### ### # |.........|####################################### ## -----.-.---# ### ############## -.---.----- * # ## # --.------------- #-........^| ---- # # ## # ### |.......%.....).##o@d########|......>..| |..| # # ######`# |............I.. |.........| |..| ## ##+.....[I.[..I...# # -.--.------ ---- # #.....d[......... # # ### # ###---------------- ### # # # # #### Zazza the Rambler Experience level: 2 Strength: 9 Dexterity: 14 Constitution: 14 Intelligence: 14 Wisdom: 7 Charisma: 18 Health: 0(24) Energy: 6(6) Def: 12 Gold: 954 Moves: 3255 Dungeon seed: YuCYBOQ-z9UVUCeP Game ID: Zazza_1618753285 Your Inventory: Coins $ - 954 gold pieces Weapons a - 32 +2 darts (in quiver) P - a cursed +0 dagger (weapon in hand) Q - a +0 mace S - 2 +0 knives W - a cursed -2 knife Armor e - an uncursed +0 Hawaiian shirt w - an uncursed +0 pair of speed boots (being worn) x - an uncursed +0 dwarvish mithril-coat (being worn) y - an uncursed +0 pair of gauntlets of dexterity (being worn) z - an uncursed +0 cloak of protection (being worn) N - an uncursed +0 pair of water walking boots T - an uncursed +0 orcish helm (being worn) X - a cursed +0 orcish helm Y - an uncursed +0 elven cloak Z - an uncursed +0 orcish helm Comestibles b - 3 uncursed food rations c - an uncursed tripe ration V - an uncursed partly eaten food ration Scrolls l - an uncursed scroll of identify q - an uncursed scroll of confuse monster F - an uncursed scroll of remove curse H - a blessed scroll of teleportation K - an uncursed scroll of create monster L - an uncursed scroll of teleportation Spellbooks G - an uncursed spellbook of extra healing M - an uncursed spellbook of knock Rings v - an uncursed ring of free action J - an uncursed ring of conflict U - an uncursed +1 ring of protection Wands r - a wand of light (0:10) Tools j - an expensive camera (0:43) k - an uncursed credit card p - an uncursed blindfold I - a tinning kit (0:38) Gems n - 2 uncursed worthless pieces of yellowish brown glass Spells and supernatural/magical abilities: Name Level Category Fail Memory k - knock 1 matter 100% 100% x - extra healing 3 healing 100% 94% W - pray for help -- divine ? -- Your skills at the end: Fighting Skills Weapon Skills dart [Basic] Spellcasting Skills Final Attributes: You were nominally aligned. You were telepathic. You were protected. You were very fast. You are dead. Vanquished creatures: 10 Mordor orcs a rock mole a gnome lord 2 floating eyes a kitten 9 hill orcs 2 orc zombies an iguana an acid blob 2 hobbits 2 manes a hobgoblin 5 giant rats 3 cave spiders a brown mold a yellow mold a green mold 5 geckos 5 jackals a kobold a sewer rat 14 grid bugs 2 bats 5 lichens 6 newts 83 creatures vanquished. Voluntary challenges: You had been an atheist until turn 2440. You used a wielded weapon 6 times, starting on turn 2859. You read items or engraved 28 times, starting on turn 555. You never genocided any monsters. You never polymorphed an object. You never changed form. You used no wishes. You never split a pudding. You wrote Elbereth's name 10 times, starting on turn 649. You never violated your personal moral code. Dungeon overview: The Dungeons of Doom: levels 1 to 7 Level 1 some fountains a long staircase Level 2 a scroll shop, some fountains stairs to The Gnomish Mines Level 3 an armor shop Level 4 some fountains Level 5 a fountain Level 6 Level 7 <- You were here The Gnomish Mines: Level 3 stairs to The Dungeons of Doom History has recorded: On T:1 you entered the Dungeons of Doom to retrieve the Amulet of Yendor! On T:420 you reached level 2 of The Dungeons of Doom. On T:952 you reached level 1 of The Gnomish Mines. On T:997 you reached level 3 of The Dungeons of Doom. On T:1686 you reached level 4 of The Dungeons of Doom. On T:1867 you reached level 5 of The Dungeons of Doom. On T:2347 you reached level 6 of The Dungeons of Doom. On T:2834 you reached level 7 of The Dungeons of Doom. On T:3155 you advanced to experience level 2. Score breakdown: Gold: 847 ( 9961 points) Experience: 2 levels ( 5570 points) Exploration: 7 levels ( 14.58%) (10718 points) Discoveries: 13 items ( 4.36%) ( 6265 points) Valuables value: (no points given unless you survive) Artifact value: 0 ( 0 points) Variety of kills: 25 monsters ( 6.56%) ( 7684 points) Turncount: 3255 turns ( -720 points) Survival: died (score multiplied by 80%) Total score: 31582 Latest messages: You stop. Armand is in the way! You displace Armand. Something is written here in the dust. You read: "? ? r". You stop. Your dog is in the way! The dog drops 22 gold pieces. You displace Armand. You miss the fog cloud. You displace Armand. You stop. Your dog is in the way! (2x) You have a little trouble lifting $ - 22 gold pieces. There are a few more objects here. You have a little trouble lifting W - a knife. You have a little trouble lifting X - an iron skull cap. You have a little trouble lifting Z - an iron skull cap. You displace your dog. The Mordor orc thrusts her crude dagger. The Mordor orc hits! You begin praying to The Lady. You hear some noises in the distance. The Mordor orc thrusts her crude dagger. The Mordor orc hits! You die... Final status: Aloha Zazza the Tourist, killed by a Mordor orc, while praying... You died in The Dungeons of Doom on dungeon level 7 with 31582 points, and 954 pieces of gold, after 3255 moves. You were level 2 with a maximum of 24 hit points when you died.